 Dungeon Crawl Stone Soup version 0.28.0-43-g3370ac3207 (webtiles) character file.

Game seed: 7606089658858399379

50 Ablot the Grasshopper (level 3, -3/31 HPs)
             Began as a Gnoll Warper on Mar 12, 2022.
             Succumbed to a scorpion's poison
             ... on level 4 of the Dungeon.
             The game lasted 00:02:43 (1932 turns).

Ablot the Grasshopper (Gnoll Warper)                Turns: 1932, Time: 00:02:44

Health: -3/31      AC:  3    Str: 12    XL:     3   Next: 79%
Magic:  9/9        EV: 12    Int: 12    God:
Gold:   138        SH:  0    Dex: 11    Spells: 10/12 levels left

rFire   + . .      SeeInvis .   a - +0 trident
rCold   . . .      Faith    .   (no shield)
rNeg    . . .      Spirit   .   b - +0 leather armour
rPois   .          Reflect  .   (no helmet)
rElec   .          Harm     .   (no cloak)
rCorr   .          Rampage  .   (no gloves)
Will    .....                   (no boots)
Stlth   +.........              p - amulet of the acrobat
HPRegen 0.10/turn               m - ring of protection from fire
MPRegen 0.11/turn               (no ring)

@: lethally poisoned (-3 -> -21)
A: fangs 1, strong nose, distributed training
a: no special abilities


You were on level 4 of the Dungeon.
You visited 1 branch of the dungeon, and saw 4 of its levels.

You collected 138 gold pieces.

Inventory:

Hand Weapons
 a - a +0 trident (weapon)
 k - a +1 antimagic short sword
Missiles
 d - 5 boomerangs of dispersal (quivered)
 j - 43 stones
 n - 38 arrows
 q - 2 poisoned darts
Armour
 b - a +0 leather armour (worn)
Jewellery
 f - a ring of fire
 m - a ring of protection from fire (left hand)
 p - an amulet of the acrobat (around neck)
Scrolls
 c - a scroll of blinking
 g - 2 scrolls of identify {unknown}
 h - 2 scrolls of noise {unknown}
 o - a scroll of holy word {unknown}
Potions
 e - a potion of flight {unknown}
 i - a potion of resistance {unknown}
 l - a potion of curing {unknown}
 r - a potion of haste {unknown}


   Skills:
 + Level 4.6 Fighting
 + Level 1.0 Short Blades
 + Level 1.0 Long Blades
 + Level 1.0 Axes
 + Level 1.0 Maces & Flails
 + Level 4.6 Polearms
 + Level 1.0 Staves
 + Level 1.0 Slings
 + Level 1.0 Bows
 + Level 1.0 Crossbows
 + Level 2.6 Throwing
 + Level 2.6 Armour
 + Level 4.6 Dodging
 + Level 1.0 Stealth
 + Level 1.0 Shields
 + Level 1.0 Unarmed Combat
 + Level 5.0 Spellcasting
 + Level 0.7 Conjurations
 + Level 0.7 Hexes
 + Level 0.7 Summonings
 + Level 0.7 Necromancy
 + Level 5.4 Translocations
 + Level 0.7 Transmutations
 + Level 0.7 Fire Magic
 + Level 0.7 Ice Magic
 + Level 0.7 Air Magic
 + Level 0.7 Earth Magic
 + Level 0.7 Poison Magic
 + Level 1.0 Invocations
 + Level 1.0 Evocations


You had 10 spell levels left.
You knew the following spells:

 Your Spells              Type           Power      Damage    Failure   Level
a - Blink                 Tloc           32%        N/A       4%          2

Your spell library contained the following spells:

 Spells                   Type           Power      Damage    Failure   Level
 Gell's Gravitas          Tloc           16%        N/A       9%          3
 Lesser Beckoning         Tloc           16%        N/A       9%          3
 Teleport Other           Tloc           16%        N/A       9%          3
 Animate Skeleton         Necr           8%         N/A       19%         1
 Pain                     Necr           16%        1d4       19%         1
 Vampiric Draining        Necr           4%         2d6       50%         3
 Manifold Assault         Tloc           16%        N/A       58%         5


Dungeon Overview and Level Annotations

Branches:
Dungeon (3/15)

Altars:

Annotations:
D:4 Natasha


Innate Abilities, Weirdness & Mutations

You have very sharp teeth.
Your uncanny sense of smell can sniff out nearby items.
Your experience applies equally to all skills.


Message History

You see here a +0 barding.
A sourceless malevolence fills the Dungeon...
You fall into a shaft and drop 1 floor!
The shaft crumbles and collapses.
Natasha and a scorpion come into view.
Unknown command.
You hit the scorpion.
The scorpion is moderately wounded.
Natasha hisses angrily.
The scorpion stings you.
Natasha casts a spell.
You hit the scorpion.
You bite the scorpion, but do no damage.
The scorpion is heavily wounded.
The scorpion barely misses you.
An adder skeleton comes into view.
Natasha wildly gestures.
Natasha glows brightly for a moment.
You closely miss the scorpion.
The scorpion is heavily wounded.
The scorpion stings you!
Unknown command.
You hit the scorpion.
The scorpion is severely wounded.
The scorpion stings you.
You are poisoned.
The scorpion poisons you! The scorpion barely misses you.
Unknown command.
You closely miss the scorpion.
The scorpion is severely wounded.
You feel very sick. Natasha claws you!
* * * LOW HITPOINT WARNING * * *
The scorpion stings you.
* * * LOW HITPOINT WARNING * * *
You are more poisoned.
The scorpion poisons you!
You hit the scorpion.
The scorpion is severely wounded.
You die...

#####.##
#@.....#
#....s.h#...#
#..##....Z.
..# #.#..#5..
. #.#..##..#
..#..# ..# ##
#... .# ##.#
#


You could see a scorpion, Natasha, a shadow imp (summoned) and an adder
skeleton.

Vanquished Creatures
  2 adders (D:2)
  A dart slug (D:1)
  A bat (D:1)
  4 endoplasms
  4 goblins (D:1)
  4 hobgoblins
  2 kobolds (D:1)
  A quokka (D:2)
  6 ball pythons
  A frilled lizard (D:1)
  3 rats (D:1)
29 creatures vanquished.

Notes
Turn   | Place    | Note
-------+----------+-------------------------------------------
     0 | D:1      | Ablot the Gnoll Warper began the quest for the Orb.
     0 | D:1      | Reached XP level 1. HP: 20/20 MP: 6/6
   496 | D:1      | Reached XP level 2. HP: 26/26 MP: 7/7
   499 | D:1      | Learned a level 2 spell: Blink
  1011 | D:2      | Reached XP level 3. HP: 28/31 MP: 3/9
  1020 | D:2      | Reached skill level 5 in Spellcasting
  1324 | D:2      | Reached skill level 1 in Invocations
  1730 | D:2      | Reached skill level 1 in Short Blades
  1730 | D:2      | Reached skill level 1 in Long Blades
  1730 | D:2      | Reached skill level 1 in Axes
  1730 | D:2      | Reached skill level 1 in Maces & Flails
  1730 | D:2      | Reached skill level 1 in Staves
  1730 | D:2      | Reached skill level 1 in Slings
  1730 | D:2      | Reached skill level 1 in Bows
  1730 | D:2      | Reached skill level 1 in Crossbows
  1730 | D:2      | Reached skill level 1 in Stealth
  1730 | D:2      | Reached skill level 1 in Shields
  1730 | D:2      | Reached skill level 1 in Unarmed Combat
  1730 | D:2      | Reached skill level 1 in Evocations
  1926 | D:3      | You fall into a shaft and drop 1 floor!
  1926 | D:4      | Noticed Natasha
  1926 | D:4      | Noticed a scorpion
  1931 | D:4      | HP: 1/31 [scorpion (6)]
  1932 | D:4      | Succumbed to a scorpion's poison

Illustrated notes

Levels and vault maps discovered:
D:1:      dpeg_arrival_simpleton_c, layout_rooms
D:2:      layout_rooms, minmay_misc_feat_four_crosses
D:3:      layout_basic, uniq_jessica
D:4:      layout_loops_corners, grunt_temple_overflow_lords_of_destruction,
          chequers_temple_overflow_statue_of_worship, tgw_kikubaaqudgha,
          uniq_natasha, uniq_blork_the_orc

Skill      XL: |  1  2  3 |
---------------+----------+-----
Spellcasting   | 5 |  5.0
Invocations    | 1 |  1.0
Short Blades   | 1 |  1.0
Long Blades    | 1 |  1.0
Axes           | 1 |  1.0
Maces & Flails | 1 |  1.0
Staves         | 1 |  1.0
Slings         | 1 |  1.0
Bows           | 1 |  1.0
Crossbows      | 1 |  1.0
Stealth        | 1 |  1.0
Shields        | 1 |  1.0
Unarmed Combat | 1 |  1.0
Evocations     | 1 |  1.0
Fighting       | |  4.6
Polearms       | |  4.6
Throwing       | |  2.6
Armour         | |  2.6
Dodging        | |  4.6
Conjurations   | |  0.7
Hexes          | |  0.7
Summonings     | |  0.7
Necromancy     | |  0.7
Translocations | |  5.4
Transmutations | |  0.7
Fire Magic     | |  0.7
Ice Magic      | |  0.7
Air Magic      | |  0.7
Earth Magic    | |  0.7
Poison Magic   | |  0.7

Action                   || total
-------------------------++-------
Melee: Spear             ||    39
       Bite              ||     7
       Short sword       ||    65
       Trident           ||    10
Armor: Leather armour    ||    15
Dodge: Dodged            ||    73
